AoeStats
← MathLCN

Arabia

506699632Analyzed
1v1 RM · 16d ago on Sep 14, 2026· 49m 33s· 2 players
Game mode
Random Map
Map size
Tiny (2 player)
Population
200
Speed
Normal
Resources
Standard
Victory
Conquest
Starting age
Dark Age
Ending age
Imperial Age
RankedLock teamsTeams togetherTeam positionsShared explorationLock speedFull tech treeHidden civsTurbo modeCheats
Victory
Defeat
🇫🇷 Ethiopians · France
461
+17
🇦🇷 Byzantines · Argentina
481
-17
MathLCN
8:21 Loom
11:00 Feudal Age
12:19 Double-Bit Axe
14:28 Wheelbarrow
16:33 Horse Collar
21:03 Castle Age
18:33 Man-at-Arms
19:52 Stone Mining
19:53 Gold Mining
20:49 Forging
23:11 Bow Saw
24:17 Stone Shaft Mining
26:00 Hand Cart
27:22 Town Watch
29:33 Heavy Plow
31:06 Gold Shaft Mining
32:17 Royal Heirs
32:27 Town Patrol
34:03 Scale Mail Armor
34:38 Iron Casting
33:54 Fletching
34:04 Padded Archer Armor
38:17 Imperial Age
35:28 Crossbowman
37:37 Ballistics
37:13 Murder Holes
37:30 Masonry
37:32 Fortified Wall
38:12 Thumb Ring
39:36 Conscription
38:53 Arbalester
40:02 Elite Shotel Warrior
41:43 Torsion Engines
DarkDeath
10:26 Feudal Age
11:13 Double-Bit Axe
18:31 Stone Mining
21:11 Castle Age
19:55 Gold Mining
21:22 Scale Mail Armor
21:58 Pikeman
22:41 Horse Collar
27:32 Heavy Plow
32:35 Stone Shaft Mining
34:41 Imperial Age
35:12 Squires
35:01 Gambesons
36:26 Conscription
37:22 Fletching
38:34 Wheelbarrow
39:20 Bodkin Arrow
41:49 Halberdier
Connection lost

Rejoining the realm…

Still unreachable

The connection could not be restored.

Session expired

The server has moved on; the page needs a fresh start.